 Dungeon Crawl Stone Soup version 0.22-a0-443-g17c3723 (webtiles) character file.

105 DrEnzyme the Skirmisher (level 4, 0/35 HPs)
             Began as a Demonspawn Wanderer on May 31, 2018.
             Succumbed to an adder's poison
             ... on level 2 of the Dungeon.
             The game lasted 00:09:52 (2738 turns).

DrEnzyme the Skirmisher (Demonspawn Wanderer)       Turns: 2738, Time: 00:09:52

Health: 0/35       AC:  2    Str: 14    XL:     4   Next: 54%
Magic:  5/5        EV: 11    Int: 11    God:
Gold:   79         SH:  0    Dex: 14    Spells: 4/5 levels left

rFire    + . .     SeeInvis .   a - +2 dagger
rCold    + . .     Gourm    .   (no shield)
rNeg     . . .     Faith    .   f - +0 robe
rPois    +         Spirit   .   (no helmet)
rElec    +         Reflect  .   (no cloak)
rCorr    +         Harm     .   (no gloves)
MR       .....                  (no boots)
Stlth    ++........             (no amulet)
HPRegen  0.11/turn              (no ring)
MPRegen  0.09/turn              (no ring)

@: lethally poisoned (0 -> -1), resistant
A: mutation resistance 1, powered by pain 1, MP-powered wands
a: no special abilities


You were on level 2 of the Dungeon.
You were not hungry.

You visited 1 branch of the dungeon, and saw 2 of its levels.

You collected 79 gold pieces.

Inventory:

Hand Weapons
 a - a +2 dagger (weapon)
 b - a +0 hand crossbow
Missiles
 d - 18 bolts
 i - 7 tomahawks (quivered)
Armour
 f - a +0 robe (worn)
Scrolls
 e - a scroll of identify
 h - a scroll of amnesia {unknown}
Comestibles
 g - 3 rations
 j - 2 chunks of flesh


   Skills:
 + Level 3.0 Fighting
 + Level 1.7 Short Blades
   Level 2.6 Axes
 + Level 1.3 Crossbows
 + Level 0.8 Dodging
 + Level 2.5 Stealth
 + Level 1.0 Spellcasting
   Level 1.0 Hexes
   Level 1.1 Necromancy


You had 4 spell levels left.
You knew the following spells:

 Your Spells              Type           Power        Failure   Level  Hunger
a - Infusion              Chrm           #...         32%         1    ##.....

Your spell library contained the following spells:

 Spells                   Type           Power        Failure   Level  Hunger
 Regeneration             Chrm/Necr      #.........   61%         3    ####...


Dungeon Overview and Level Annotations

Branches:
Dungeon (2/15)

Altars:

Annotations:
D:2 exclusion: adder


Innate Abilities, Weirdness & Mutations

You sometimes gain a little power by taking damage.
You are somewhat resistant to further mutation.
You expend magic power (3 MP) to strengthen your wands.


Message History

a club; a hobgoblin corpse
* * * LOW HITPOINT WARNING * * *
You feel sick.
You see here a bat corpse.
You butcher the bat corpse.
* * * LOW HITPOINT WARNING * * *
You feel sick.
You see here a chunk of flesh.
j - 2 chunks of flesh (gained 1)
You aren't quite hungry enough to eat that!
Okay, then.
* * * LOW HITPOINT WARNING * * *
You feel sick.
* * * LOW HITPOINT WARNING * * *
You feel sick.
* * * LOW HITPOINT WARNING * * *
You feel sick.
* * * LOW HITPOINT WARNING * * *
You feel sick.
You die...

#......##........# #......###.
#.......(........# #.####.###.
#....)###).......#####.##.......
#.....# #..............##.......
#.....# #.....###########.......
####.## #.....#... ........###.
.. #.....#.# ######### #. ###
#.......###############.
#......@................ #....
#.......################ #....
#.......'...#.. ...>
#.......###)#.# ... #####...#
#.#.. .. +...# #.#.## #. #...#
#.#..# # #(#### #(..# #.#..#
#...##....# #...# #.#..#


There were no monsters in sight!

Vanquished Creatures
  4 adders (D:2)
  A worm (D:2)
  3 dart slugs
  A leopard gecko (D:1)
  A giant cockroach (D:1)
  6 goblins
  8 hobgoblins
  7 jackals (D:1)
  6 bats
  5 frilled lizards
  13 kobolds
  6 rats
61 creatures vanquished.

Vanquished Creatures (others)
  2 plants (D:1)
2 creatures vanquished.

Grand Total: 63 creatures vanquished

Notes
Turn   | Place    | Note
-------+----------+-------------------------------------------
     0 | D:1      | DrEnzyme the Demonspawn Wanderer began the quest for the Orb.
     0 | D:1      | DrEnzyme set off with: a +2 dagger, a potion of heal wounds, a +0 hand crossbow, 23 bolts, a +0 robe, a ration
     0 | D:1      | Reached XP level 1. HP: 16/16 MP: 2/2
     4 | D:1      | Learned a level 1 spell: Infusion
    80 | D:1      | Gained mutation: You sometimes gain a little power by taking damage. [demonic ancestry]
    80 | D:1      | Reached XP level 2. HP: 20/23 MP: 3/3
   548 | D:1      | Reached skill level 1 in Short Blades
   832 | D:1      | Reached XP level 3. HP: 23/28 MP: 4/4
  1625 | D:2      | Reached skill level 1 in Crossbows
  1625 | D:2      | Reached XP level 4. HP: 11/34 MP: 5/5
  1626 | D:2      | Gained mutation: You expend magic power (3 MP) to strengthen your wands. [potion of mutation]
  1626 | D:2      | Gained mutation: You are somewhat resistant to further mutation. [potion of mutation]
  2684 | D:2      | Reached skill level 3 in Fighting
  2734 | D:2      | HP: 1/35 [poisoned by an adder]
  2738 | D:2      | Succumbed to an adder's poison

Vault maps used:
D:1:      dpeg_arrival_stone_temple_mockup, solitary_fountain,
          lexackson_kobold_supper

Skill      XL: |  1  2  3  4 |
---------------+-------------+-----
Stealth        | 2 |  2.5
Short Blades   | 1 |  1.7
Crossbows      | 1 |  1.3
Fighting       | 3 |  3.0
Axes           | |  2.6
Dodging        | |  0.8
Spellcasting   | |  1.0
Hexes          | |  1.0
Necromancy     | |  1.1

Action                   |  1- 3 |  4- 6 || total
-------------------------+-------+-------++-------
Melee: Dagger            |   117 |    45 ||   162
 Fire: Hand crossbow     |    34 |    32 ||    66
Throw: Tomahawk          |     5 |       ||     5
 Cast: Infusion          |     1 |       ||     1
  Use: Potion            |     1 |     3 ||     4
       Scroll            |       |     1 ||     1
 Stab: Sleeping          |     4 |     1 ||     5
  Eat: Chunk             |     2 |     1 ||     3
       Ration            |       |     1 ||     1
Armor: Robe              |    20 |     7 ||    27
Dodge: Dodged            |    65 |    28 ||    93

Table legend:
 A = Spawn XP
 B = Non-spawn XP
 C = Spawn XP percentage of total XP
 D = Spawn monster count
 E = Non-spawn monster count
 F = Spawn count percentage of total count
 G = Total turns spent on level
                    A         B        C        D         E        F      G
               +---------+---------+-------+---------+---------+-------+---------
         Total |       0 |     151 |   0.0 |       0 |      61 |   0.0 |  2738
               +---------+---------+-------+---------+---------+-------+---------
           D:1 |       0 |      62 |   0.0 |       0 |      39 |   0.0 |  1443
           D:2 |       0 |      89 |   0.0 |       0 |      22 |   0.0 |  1295
               +---------+---------+-------+---------+---------+-------+---------
